Map: King Sejong Station LE

Players

Jason - Winner!

  • Race: Terran Terran
  • League: Grandmaster

starkiller

  • Race: Zerg Zerg
  • League: Grandmaster

Event: Cheesadelphia Summer 2016

VOD

Have the link to the VOD?

Description

Time

  • Played on: July 23, 2016, 11:25 a.m.
  • Length: 9:26

All games in this series

Show
View Real Time Build Order
Export as new Build Order

Jason Terran - Winner!

Build Orders: Reaper Expand, MMM Bio 

Get SALT Encoding   

  12  0:01  SCV  
  13  0:13  SCV  
  14  0:17  Supply Depot  
  14  0:25  SCV  
  15  0:39  SCV  
  15  0:40  Barracks  
  16  0:44  Refinery  
  16  0:51  SCV  
  17  1:03  SCV  
  18  1:15  SCV  
  19  1:28  Reaper, Orbital Command  
  20  1:44  Command Center  
  20  1:54  Supply Depot  
  20  1:56  SCV  
  20  2:00  Marine  
  22  2:09  SCV  
  22  2:12  Factory  
  23  2:20  Refinery  
  23  2:21  SCV  
  24  2:24  Marine  
  25  2:32  Bunker  
  25  2:35  SCV  
  26  2:42  Marine  
  26  2:49  SCV  
  27  2:58  Factory Tech Lab, Starport  
  27  2:59  Marine  
  27  3:02  Orbital Command  
  28  3:06  SCV  
  28  3:12  Supply Depot  
  29  3:19  Siege Tank  
  32  3:23  SCV  
  32  3:25  Barracks Reactor  
  33  3:33  SCV  
  34  3:40  SCV  
  34  3:49  SCV  
  34  3:51  Siege Tank  
  34  3:52  SCV  
  39  4:02  SCV  
  39  4:04  SCV  
  39  4:05  Marine  
  39  4:06  Medivac  
  39  4:09  Marine  
  44  4:14  SCV  
  45  4:20  Command Center  
  45  4:22  SCV  
  46  4:28  SCV  
  47  4:38  SCV  
  48  4:39  Barracks, Medivac  
  48  4:42  Factory Reactor, Barracks  
  48  4:43  Marine  
  48  4:45  SCV  
  52  4:49  Supply Depot  
  52  4:51  SCV, Stimpack  
  53  4:56  Refinery  
  53  4:57  SCV  
  53  4:58  Refinery  
  54  5:11  Viking, Marine, SCV x2  
  54  5:13  Supply Depot  
  59  5:22  Engineering Bay  
  59  5:23  SCV x2  
  59  5:24  Factory Tech Lab  
  59  5:25  Engineering Bay  
  61  5:34  Marine, Orbital Command  
  61  5:35  SCV x2  
  64  5:37  Marine  
  64  5:38  Marine  
  66  5:43  Marauder  
  66  5:47  Marine, SCV x2  
  71  5:52  Marine  
  71  5:55  Marine  
  71  5:56  Marine  
  74  5:59  SCV x2  
  74  6:02  Siege Tank  
  79  6:04  Marine  
  79  6:05  Marine  
  79  6:10  Marine  
  83  6:11  SCV x2  
  83  6:12  Starport Reactor  
  83  6:13  Orbital Command  
  83  6:15  Marine  
  85  6:21  Supply Depot x2  
  85  6:27  Supply Depot  
  85  6:28  Marauder, Marine x3, SCV  
  91  6:33  Missile Turret, Marine  
  91  6:34  Missile Turret  
  91  6:38  SCV  
  93  6:44  SCV  
  93  6:45  Marine x2  
  93  6:46  Marine  
  97  6:47  Missile Turret  
  97  6:49  Marine  
  97  6:52  Siege Tank  
  101  7:03  Marine  
  101  7:04  SCV  
  101  7:05  Terran Infantry Armor Level 1, Terran Infantry Weapons Level 1, SCV  
  101  7:06  Marine  
  101  7:07  Marauder  
  101  7:08  Marine  
  107  7:10  Medivac  
  109  7:19  Marine, SCV  
  109  7:20  SCV  
  109  7:21  Marine  
  110  7:24  Marine, Siege Tank  
  110  7:26  Barracks x2, Marine  
  110  7:27  SCV  
  110  7:28  Marine  
  117  7:42  Supply Depot, Marine x3  
  117  7:44  Marine, Armory  
  121  7:46  Marine  
  122  7:52  Combat Shields  
  122  7:56  Siege Tank  
  125  8:01  Supply Depot  
  125  8:03  Marine x3  
  125  8:04  Marauder  
  126  8:13  Marine  
  126  8:14  Marine x2  
  126  8:15  SCV x3  
  132  8:20  Marine  
  132  8:22  Marine x2  
  132  8:25  Supply Depot, Marine  
  133  8:27  SCV  
  133  8:28  Siege Tank  
  133  8:31  Marine  
  133  8:32  Marine x2  
  130  8:35  SCV  
  130  8:36  Barracks  
  130  8:37  Barracks  
  130  8:38  Marine  
  130  8:40  Marine x2  
  133  8:43  Marine  
  133  8:47  SCV x2  
  133  8:49  Marine  
  133  8:50  Marine x2  
  133  8:55  SCV  
  137  8:56  Marine  
  137  8:57  Marine x2, Refinery  
  137  8:59  Refinery  
  137  9:01  Marine  
Show
View Real Time Build Order
Export as new Build Order

starkiller Zerg 

Build Orders: Pool First 

Get SALT Encoding   

  12  0:01  Drone  
  13  0:12  Overlord  
  13  0:19  Drone  
  14  0:30  Drone  
  14  0:31  Drone  
  16  0:37  Drone  
  17  0:44  Spawning Pool  
  17  0:47  Drone  
  17  1:08  Hatchery  
  16  1:13  Drone  
  16  1:15  Extractor  
  16  1:17  Drone  
  17  1:31  Queen  
  17  1:32  Zergling x2  
  20  1:36  Drone  
  21  1:45  Roach Warren  
  20  1:51  Drone  
  20  1:52  Drone  
  22  2:01  Overlord  
  22  2:24  Roach x2  
  22  2:25  Roach  
  22  2:27  Queen  
  30  2:35  Roach  
  35  2:52  Queen  
  35  2:54  Overlord  
  33  2:59  Drone x3  
  36  3:19  Drone x3  
  39  3:20  Drone x2  
  41  3:27  Overlord  
  41  3:30  Drone  
  40  3:45  Queen  
  44  3:50  Drone, Overlord  
  44  3:52  Lair  
  42  3:55  Drone x2  
  42  3:56  Extractor  
  42  3:57  Extractor  
  42  4:01  Drone  
  42  4:02  Drone  
  39  4:03  Drone  
  39  4:04  Drone  
  39  4:06  Drone  
  43  4:10  Drone  
  43  4:11  Drone  
  44  4:21  Evolution Chamber  
  44  4:23  Evolution Chamber  
  42  4:35  Roach x2  
  42  4:38  Drone x6  
  52  4:39  Drone  
  53  4:46  Drone  
  53  4:47  Zerg Missile Weapons Level 1  
  53  4:52  Zerg Ground Armor Level 1  
  54  4:56  Glial Reconstitution  
  54  4:58  Drone  
  55  5:13  Drone x2, Extractor  
  56  5:15  Drone  
  56  5:20  Hatchery  
  55  5:25  Roach x2  
  55  5:26  Roach  
  58  5:39  Roach  
  58  5:50  Drone x2  
  58  5:55  Overlord  
  58  6:10  Overlord  
  58  6:11  Overlord  
  50  6:14  Roach  
  50  6:15  Roach x2  
  60  6:26  Overlord x2  
  60  6:31  Queen x2  
  62  6:32  Roach  
  62  6:33  Roach  
  62  6:34  Ravager  
  62  6:39  Roach  
  65  6:44  Ravager x2  
  71  6:47  Roach x2  
  71  6:49  Roach  
  71  7:03  Roach  
  71  7:05  Roach x3  
  79  7:16  Roach x4  
  79  7:20  Roach  
  89  7:28  Drone  
  90  7:34  Roach  
  89  7:49  Overlord x2  
  85  7:56  Roach  
  85  7:57  Overlord x2, Roach  
  89  8:00  Overlord x3  
  81  8:14  Roach x4  
  81  8:15  Roach x4  
  81  8:19  Roach  
  103  8:20  Roach x3  
  102  8:31  Roach x3  
  98  8:36  Roach  
  100  8:44  Roach x2  
  100  8:49  Roach x3  
  100  8:50  Roach  
  104  9:00  Roach x3  
  105  9:09  Ravager x2  
Tags
 
Add a new tag
Caveats
  • Supply blocks, unpowered buildings, or Contaminate may cause inaccurate times.
  • Supply counts are checked every 10 seconds.